 Dungeon Crawl Stone Soup version 0.29-a0-1027-gcd8c55af63 (webtiles) character file.

Game seed: 2023833018766704910

12952 Sobieck the Nimble (level 11, -5/53 HPs)
             Began as a Felid Summoner on Aug 12, 2022.
             Was a Priest of Kikubaaqudgha.
             Slain by a wyvern (16 damage)
             ... on level 3 of the Lair of Beasts.
             The game lasted 01:06:44 (19054 turns).

Sobieck the Nimble (Felid Summoner)                Turns: 19054, Time: 01:06:45

Health: -5/53      AC:  3    Str:  4    XL:     11   Next: 69%
Magic:  24/24      EV: 26    Int: 21    God:    Kikubaaqudgha [***...]
Gold:   619        SH:  5    Dex: 18    Spells: 6/27 levels left
                                        Lives:  0   Deaths: 3

rFire   . . .      SeeInvis +   (weapon unavailable)
rCold   + + .      Faith    .   (shield unavailable)
rNeg    . . .      Spirit   .   (body armour unavailable)
rPois   .          Reflect  +   (helmet unavailable)
rElec   .          Harm     .   (cloak unavailable)
rCorr   .          Rampage  .   (gloves unavailable)
Will    +....                   (boots unavailable)
Stlth   ++........              C - amulet of Kizeokk {Reflect rC+ Regen+ Int-5 SH+5}
HPRegen 0.97/turn               j - ring of wizardry
MPRegen 0.19/turn               D - +6 ring of intelligence

@: quick
A: very small, claws 1, fangs 3, see invisible, speed 1, shaggy fur 3, stealthy
paws, no weapons or thrown items, no armour, multi-lived
a: Renounce Religion, Unearth Wretches


You were on level 3 of the Lair of Beasts.
You worshipped Kikubaaqudgha.
Kikubaaqudgha was most pleased with you.
You visited 3 branches of the dungeon, and saw 16 of its levels.

You collected 675 gold pieces.
You spent 56 gold pieces at shops.


Innate Abilities, Weirdness & Mutations

You have sharp claws.
You have razor-sharp teeth.
You have supernaturally acute eyesight. (SInv)
You cover ground quickly. (Speed+)
Your thick and shaggy fur keeps you warm. (AC +3, rC+)
Your paws help you pounce on unaware monsters.
You are incapable of wielding weapons or throwing items.
You cannot wear armour.
You gain extra lives every three experience levels.


   Skills:
 + Level 9.5 Fighting
 + Level 12.1 Dodging
 - Level 2.6 Stealth
 + Level 8.5 Spellcasting
 - Level 10.0 Hexes
 + Level 10.2 Summonings
 * Level 9.0 Necromancy
 - Level 5.0 Air Magic


You had 6 spell levels left.
You knew the following spells:

 Your Spells              Type           Power      Damage    Failure   Level
a - Summon Small Mammal   Summ           100%       N/A       1%          1
b - Call Imp              Summ           51%        N/A       1%          2
c - Call Canine Familiar  Summ           51%        N/A       1%          3
d - Summon Guardian Gole  Hex/Summ       51%        N/A       1%          3
e - Summon Lightning Spi  Summ/Air       40%        N/A       1%          4
f - Anguish               Hex/Necr       24%        N/A       1%          4
g - Animate Dead          Necr           46%        N/A       1%          4

Your spell library contained the following spells:

 Spells                   Type           Power      Damage    Failure   Level
 Necrotise                Necr           100%       1d9       1%          1
 Static Discharge         Conj/Air       19%        3-6/arc   1%          2
 Sublimation of Blood     Necr           46%        N/A       1%          2
 Vampiric Draining        Necr           46%        2d9       1%          3
 Dispel Undead            Necr           46%        3d18      1%          4
 Agony                    Necr           46%        N/A       1%          5
 Apportation              Tloc           16%        N/A       3%          1
 Freeze                   Ice            32%        1d5       3%          1
 Magic Dart               Conj           32%        1d4       3%          1
 Sandblast                Erth           16%        2d6       3%          1
 Blink                    Tloc           16%        N/A       4%          2
 Mephitic Cloud           Conj/Pois/Air  15%        N/A       4%          3
 Airstrike                Air            14%        2d(3-19)  4%          4
 Corpse Rot               Necr/Pois/Air  28%        N/A       4%          4
 Frozen Ramparts          Ice            16%        1d3       9%          3
 Gell's Gravitas          Tloc           8%         N/A       9%          3
 Lesser Beckoning         Tloc           8%         N/A       9%          3
 Ozocubu's Armour         Ice            8%         N/A       9%          3
 Teleport Other           Tloc           8%         N/A       9%          3
 Death Channel            Necr           23%        N/A       12%         6
 Borgnjor's Vile Clutch   Necr/Erth      13%        N/A       13%         5
 Hailstorm                Conj/Ice       8%         3d4       28%         4
 Lightning Bolt           Conj/Air       9%         1d22      28%         5
 Simulacrum               Ice/Necr       13%        N/A       56%         6
 Alistair's Intoxication  Tmut/Pois      5%         N/A       61%         5
 Manifold Assault         Tloc           8%         N/A       61%         5
 Dispersal                Tloc           4%         N/A       98%         6
 Enfeeble                 Hex            25%        N/A       38%         7
 Borgnjor's Revivificati  Necr           23%        N/A       99%         8
 Ozocubu's Refrigeration  Ice            4%         4d8       100%        7
 Maxwell's Capacitive Co  Air            14%        ∞         100%        8
 Necromutation            Tmut/Necr      13%        N/A       100%        8
 Death's Door             Necr           23%        N/A       100%        9
 Animate Armour           Summ/Erth      Unusable   N/A       N/A         4

Inventory:

Jewellery
 j - a ring of wizardry (left paw)
   (You found it on level 2 of the Dungeon)
 o - a ring of positive energy
   (You took it off a gnoll on level 4 of the Dungeon)
 q - a ring of see invisible
   (You found it on level 6 of the Dungeon)
 s - a +4 ring of slaying
   (You found it on level 4 of the Dungeon)
 y - a ring of magical power
   (You found it on level 11 of the Dungeon)
 C - the amulet of Kizeokk (around neck) {Reflect rC+ Regen+ Int-5 SH+5}
   (You acquired it on level 11 of the Dungeon)

   [amulet of reflection]

   It reflects blocked missile attacks.
   Int:       It affects your intelligence (-5).
   rC:        It protects you from cold.
   Regen:     It increases your rate of health regeneration.
   SH:        It affects your SH (+5).
 D - a +6 ring of intelligence (right paw)
   (You found it on level 10 of the Dungeon)
 E - a ring of wizardry
   (You found it on level 1 of the Lair of Beasts)
 F - a ring of poison resistance
   (You found it on level 1 of the Lair of Beasts)
Wands
 h - a wand of mindburst (17)
   (You found it on level 4 of the Dungeon)
 i - a wand of polymorph (15)
   (You found it on level 2 of the Dungeon)
 n - a wand of iceblast (2)
   (You found it on level 4 of the Dungeon)
 p - a wand of paralysis (25)
   (You found it on level 3 of the Dungeon)
 w - a wand of flame (17)
   (You found it on level 11 of the Dungeon)
Scrolls
 c - a scroll of poison {!r}
 f - 6 scrolls of teleportation {@r4}
 l - 2 scrolls of vulnerability {!r!r}
 x - a scroll of silence {unknown}
 z - 3 scrolls of immolation {!r!r}
 A - a scroll of magic mapping {!r}
 B - 4 scrolls of summoning
 G - a scroll of blinking {!r}
Potions
 a - 2 potions of ambrosia {unknown}
 b - 6 potions of curing {@q1}
 d - 3 potions of attraction {!q}
 e - 2 potions of brilliance
 g - 4 potions of resistance
 k - 2 potions of lignification {unknown}
 m - a potion of haste {unknown}
 r - 2 potions of might
 t - 3 potions of mutation {unknown}
 u - a potion of magic
 v - 3 potions of heal wounds {@q2}
 H - a potion of invisibility {unknown}

Dungeon Overview and Level Annotations

Branches:
Dungeon (12/15) Zot: 25885  Temple (1/1) D:6 Zot: 5949    Lair (3/5) D:11 Zot: 21023
  Snake (0/4) Lair:3          Orc (0/2) D:10
  Swamp: Lair:2-3    Shoals: Lair:2-3

Altars:
Cheibriados
Dithmenos
Elyvilon
Fedhas
Gozag
Hepliaklqana
Kikubaaqudgha
Makhleb
Nemelex Xobeh
Ru
Sif Muna
Trog
Xom
Yredelemnul
Zin

Shops:
D:2 [   D:3 !

Annotations:
D:10 2 runed translucent doors, MisterAzrael's ghost, journeyman DjFE

.....######.#..P.......#..
..$..#### ###..>..#..###
.....##.###...P..#####
..........#S....###### ###
........Dl...#l.###.P## #.####
........#.P####S......###..#.#
.....####### #...#....##...##
.....# ##l#####.......##
.....# ##@.####........#
.P##.# ##....##.........## ..
#.# ##....#..##........## ##
### #.................?.#
###.................P
#...................
#................)..
#...................
#........(.........#


You could see a water moccasin and 2 wyverns.


Message History

The fungus begins to die.
Unknown command.
The wyvern attacks as you move away! The wyvern barely misses you.
Your water moccasin zombie bites the wyvern but does no damage.
The wyvern completely misses the fungus.
The wyvern attacks as you move away! The wyvern misses you.
Your water moccasin zombie bites the wyvern but does no damage.
The wyvern barely misses you. The wyvern attacks as you move away!
The wyvern barely misses you.
A blink frog comes into view.
The wyvern misses you. 2 blink frogs come into view.
A nearby fungus withers and dies.
The blink frog croaks.
The blink frog gives a loud, deep croak!
You hear a roar!
You hear an angry hiss.
A blink frog comes into view.
Unknown command.
The blink frog closely misses you.
The blink frog blinks!
A four-headed hydra comes into view.
The wyvern attacks as you move away! The wyvern completely misses you.
A water moccasin comes into view.
The blink frog completely misses you. The blink frog barely misses you.
Unknown command.
You scratch the blink frog. The wyvern completely misses you. x2
The blink frog closely misses you.
The blink frog blinks!
The wyvern barely misses you.
The blink frog blinks!
The wyvern bites you! The blink frog completely misses you.
The blink frog completely misses you. The blink frog closely misses you.
Unknown command.
The wyvern bites something.
Your water moccasin zombie barely misses the wyvern.
The blink frog attacks as you move away!
You block the blink frog's attack. The wyvern attacks as you move away!
The wyvern bites you!
* * * LOW HITPOINT WARNING * * *
The water moccasin completely misses you.
Your wolf bites the blink frog.
You block the wyvern's attack.
Unknown command.
The blink frog hits your wolf. You block the blink frog's attack.
Your wolf misses the blink frog. The blink frog barely misses you.
The blink frog closely misses your wolf.
The blink frog blinks!
The blink frog misses you.
The blink frog blinks! x2
Unknown command.
Your wolf closely misses the blink frog.
Your wolf barely misses the blink frog.
You see here 16 gold pieces.
The blink frog closely misses you.
The blink frog blinks!
Your wolf disappears in a puff of smoke!
The blink frog blinks!
The blink frog completely misses you.
Unknown command.
The blink frog hits your water moccasin zombie.
The blink frog blinks!
Unknown command.
The blink frog attacks as you move away!
The blink frog hits you.
* * * LOW HITPOINT WARNING * * *
Unknown command.
The blink frog attacks as you move away!
The blink frog misses you. The water moccasin bites you.
* * * LOW HITPOINT WARNING * * *
You are poisoned.
The water moccasin poisons you! You block the blink frog's attack.
The blink frog hits you!
* * * LOW HITPOINT WARNING * * *
The blink frog blinks!
The blink frog attacks as you move away!
You block the blink frog's attack.
You feel sick.
Your water moccasin zombie barely misses the wyvern.
The blink frog blinks!
The water moccasin bites you.
* * * LOW HITPOINT WARNING * * *
You feel sick.
The four-headed hydra bites your water moccasin zombie.
The four-headed hydra barely misses your water moccasin zombie.
The four-headed hydra bites your water moccasin zombie! x2
Your water moccasin zombie is destroyed!
The water moccasin attacks as you move away!
The water moccasin completely misses you.
You feel sick.
The blink frog blinks!
You feel sick.
The blink frog blinks!
The blink frog attacks as you move away!
The blink frog completely misses you.
You feel sick. The blink frog barely misses you.
The blink frog attacks as you move away!
You block the blink frog's attack.
The blink frog hits the fungus!
The fungus begins to die.
The wyvern completely misses you.
Unknown command.
The wyvern attacks as you move away! You block the wyvern's attack.
You feel sick. The wyvern attacks as you move away!
The wyvern completely misses you.
You feel sick.
The wyvern bites the fungus.
The wyvern attacks as you move away! You block the wyvern's attack.
You feel sick.
The blink frog blinks!
You feel sick.
You are no longer poisoned.
The wyvern attacks as you move away! The wyvern misses you.
The wyvern completely misses you. The wyvern attacks as you move away!
The wyvern bites you!
You die...
Kikubaaqudgha rasps: "You have failed me!
Welcome... death!"

Skill      XL: |  1  2  3  4  5  6  7  8  9 10 11 12 |
---------------+-------------------------------------+-----
Dodging        | 3 4 5 6 8 10 11 12 | 12.1
Fighting       | 1 2 3 4 6 8 9 |  9.5
Spellcasting   | 3 4 6 7 8 |  8.5
Summonings     | 5 6 7 8 9 10 | 10.2
Hexes          | 3 4 5 7 10 | 10.0
Air Magic      | 1 3 5 |  5.0
Necromancy     | 3 5 9 8 |  9.0
Stealth        | |  2.6

Action                   |  1- 3 |  4- 6 |  7- 9 | 10-12 || total
-------------------------+-------+-------+-------+-------++-------
Melee: Unarmed           |    41 |    57 |    31 |    44 ||   173
       Punch             |     1 |     1 |     1 |     1 ||     4
       Bite              |     2 |     6 |     9 |     9 ||    26
 Cast: Summon Small Mamm |    35 |    70 |    26 |    16 ||   147
       Call Imp          |     3 |    27 |     7 |     4 ||    41
       Call Canine Famil |       |    28 |    22 |    45 ||    95
       Summon Guardian G |       |     1 |    31 |    35 ||    67
       Summon Lightning  |       |       |    29 |    60 ||    89
       Anguish           |       |       |     1 |    42 ||    43
       Animate Dead      |       |       |       |     8 ||     8
Invok: Unearth Wretches  |       |       |       |     6 ||     6
  Use: Scroll            |       |     7 |     6 |     8 ||    21
       Potion            |       |       |     1 |     1 ||     2
 Stab: Sleeping          |     3 |     2 |       |     1 ||     6
       Distracted        |     1 |       |       |       ||     1
Armor: Skin              |     1 |    13 |     3 |     8 ||    25
Dodge: Dodged            |    45 |    93 |    54 |   359 ||   551
Block: Other             |       |       |       |    79 ||    79
       Reflection        |       |       |       |     2 ||     2

Levels and vault maps discovered:
D:1:      dpeg_arrival_chambers_temple_mockup, layout_basic,
          chequers_ecumenical_altar_simple, roderic_lattice_a
D:2:      layout_rooms, serial_shops, nicolae_shop_trees, minmay_octomino_c4,
          uniq_sigmund
D:3:      layout_rooms, serial_shops, nicolae_shop_waterfront,
          serial_bayou_lake_a
D:4:      layout_cave_pools, minmay_hedge_maze, uniq_robin
D:5:      layout_basic, grunt_temple_overflow_open
D:6:      layout_basic, minmay_temple_entry_stoned_glass
D:7:      layout_rooms, uniq_menkaure
D:8:      layout_basic, nicolae_elevator_lobby_plus, uniq_psyche
D:9:      layout_loops_ring, minivault_4
D:10:     layout_basic, orc_0_dummy, ebering_ghost_disaster_area
D:11:     layout_basic, david_lair_generic, the_hattery, uniq_nergalle
D:12:     layout_rooms
Temple:   regret_index_temple_chain_breaker
Lair:1:   layout_misc_corridors, worms_lemuel, uniq_maggie
Lair:2:   layout_hall_layers, kennysheep_rathole, uniq_amaemon
Lair:3:   regret_index_combs_of_tragedy, layout_cave_pods,
          minmay_shoals_entry_hut, minmay_snake_entry_six_corridors,
          uniq_gastronok

Notes
Turn   | Place    | Note
-------+----------+-------------------------------------------
     0 | D:1      | Sobieck the Felid Summoner began the quest for the Orb.
     0 | D:1      | Reached XP level 1. HP: 7/7 MP: 4/4
   327 | D:1      | HP: 1/7 [jackal (3)]
   794 | D:1      | Reached XP level 2. HP: 12/12 MP: 3/6
   794 | D:1      | Found a faded altar of an unknown god.
   838 | D:1      | Learned a level 2 spell: Call Imp
   948 | D:1      | Reached skill level 3 in Dodging
  1697 | D:2      | Reached skill level 1 in Fighting
  1715 | D:2      | Reached XP level 3. HP: 8/15 MP: 3/7
  1749 | D:2      | Learned a level 3 spell: Call Canine Familiar
  1831 | D:2      | Reached XP level 4. HP: 17/19 MP: 4/8
  1932 | D:2      | You pick up a book of Frost and begin reading...
  1932 | D:2      | You add the spells Freeze, Frozen Ramparts and Hailstorm to
                  | your library.
  2008 | D:2      | Noticed Sigmund
  2039 | D:2      | Killed Sigmund
  2040 | D:2      | Reached skill level 2 in Fighting
  2040 | D:2      | Reached skill level 4 in Dodging
  2040 | D:2      | Reached skill level 3 in Spellcasting
  2040 | D:2      | Reached skill level 5 in Summonings
  2040 | D:2      | Reached XP level 5. HP: 16/22 MP: 1/10
  2050 | D:2      | Learned a level 3 spell: Summon Guardian Golem
  2275 | D:2      | Found Hicrogh's Antique Armour Emporium.
  2462 | D:3      | Gained mutation: You are covered in thick fur. (AC +2)
                  | [Felid growth]
  2462 | D:3      | Reached XP level 6. HP: 27/27 MP: 11/11
  2502 | D:3      | You pick up a book of Party Tricks and begin reading...
  2502 | D:3      | You add the spells Apportation and Alistair's Intoxication
                  | to your library.
  2557 | D:3      | You pick up a book of Storms and begin reading...
  2557 | D:3      | You add the spells Airstrike and Lightning Bolt to your
                  | library.
  2559 | D:3      | Found Penoll's Distillery.
  2789 | D:3      | Bought a potion of brilliance for 56 gold pieces
  2930 | D:3      | Reached skill level 1 in Hexes
  3455 | D:4      | Noticed Robin
  3727 | D:4      | Reached skill level 6 in Summonings
  3820 | D:4      | Killed Robin
  3836 | D:4      | You add the spells Ozocubu's Armour and Ozocubu's
                  | Refrigeration to your library.
  3891 | D:4      | Reached skill level 2 in Hexes
  3891 | D:4      | Reached XP level 7. HP: 30/30 MP: 6/13
  3975 | D:4      | HP: 6/30 [orc/iceblast (7)]
  3976 | D:4      | Killed from afar by an orc
  3977 | D:4      | Reached XP level 6. HP: 0/27 MP: 12/12
  4338 | D:4      | Reached skill level 5 in Dodging
  4344 | D:4      | Reached skill level 3 in Fighting
  5050 | D:4      | Reached skill level 3 in Hexes
  5251 | D:4      | Reached XP level 7. HP: 17/31 MP: 6/13
  5484 | D:5      | Entered Level 5 of the Dungeon
  5615 | D:5      | Reached skill level 4 in Spellcasting
  5621 | D:5      | Learned a level 4 spell: Summon Lightning Spire
  5638 | D:5      | Found a basalt altar of Yredelemnul.
  5639 | D:5      | Found a white marble altar of Elyvilon.
  5642 | D:5      | Found a hazy altar of Hepliaklqana.
  5642 | D:5      | Found a shimmering altar of Xom.
  5861 | D:5      | Reached skill level 4 in Hexes
  5861 | D:5      | Reached skill level 7 in Summonings
  5861 | D:5      | Reached skill level 1 in Air Magic
  6073 | D:5      | Reached skill level 6 in Dodging
  6073 | D:5      | Reached XP level 8. HP: 29/36 MP: 6/15
  6306 | D:5      | Reached skill level 4 in Fighting
  6571 | D:5      | Reached skill level 2 in Air Magic
  7221 | D:6      | Reached skill level 5 in Hexes
  7353 | D:6      | You pick up a book of Maledictions and begin reading...
  7353 | D:6      | You add the spells Anguish and Enfeeble to your library.
  7549 | D:5      | Reached skill level 3 in Air Magic
  8137 | D:6      | Found a staircase to the Ecumenical Temple.
  8146 | Temple   | Entered the Ecumenical Temple
  8188 | Temple   | Became a worshipper of Kikubaaqudgha
  8388 | D:7      | You add the spells Sandblast, Static Discharge, Borgnjor's
                  | Vile Clutch and Maxwell's Capacitive Coupling to your
                  | library.
  8388 | D:7      | Got Sif Muna's Papyrus of Flinty Fog
  8419 | D:7      | Reached skill level 8 in Summonings
  8419 | D:7      | Reached XP level 9. HP: 39/39 MP: 8/17
  8708 | D:7      | Noticed Menkaure
  8720 | D:7      | Killed Menkaure
  8899 | D:7      | You pick up a book of Spatial Translocations and begin
                  | reading...
  8899 | D:7      | You add the spells Blink, Lesser Beckoning and Manifold
                  | Assault to your library.
  9220 | D:8      | Reached skill level 7 in Dodging
  9220 | D:8      | Reached skill level 5 in Spellcasting
  9341 | D:8      | Reached skill level 4 in Air Magic
  9531 | D:8      | Reached skill level 6 in Hexes
 10029 | D:8      | Noticed Psyche
 10041 | D:8      | Killed Psyche
 10042 | D:8      | Reached skill level 5 in Fighting
 10556 | D:9      | Reached skill level 5 in Air Magic
 10880 | D:9      | You add the spells Gell's Gravitas, Teleport Other and
                  | Dispersal to your library.
 11078 | D:9      | Noticed a manticore
 11100 | D:9      | Killed a manticore
 11101 | D:9      | Reached skill level 8 in Dodging
 11101 | D:9      | Reached skill level 7 in Hexes
 11141 | D:9      | Noticed a four-headed hydra
 11153 | D:9      | Killed a four-headed hydra
 11154 | D:9      | Reached skill level 6 in Fighting
 11154 | D:9      | Reached skill level 6 in Spellcasting
 11154 | D:9      | Reached XP level 10. HP: 45/45 MP: 8/20
 11460 | D:10     | Entered Level 10 of the Dungeon
 11471 | D:10     | You add the spells Borgnjor's Revivification, Necromutation
                  | and Death's Door to your library.
 11494 | D:10     | Noticed a rust devil
 11495 | D:10     | Reached skill level 8 in Hexes
 11537 | D:10     | Found a large runed translucent door.
 11537 | D:10     | Found a large runed translucent door.
 11598 | D:10     | Noticed a two-headed ogre
 11608 | D:10     | Killed a two-headed ogre
 11609 | D:10     | Reached skill level 9 in Dodging
 11893 | D:10     | Reached skill level 9 in Hexes
 11975 | D:10     | Reached * piety under Kikubaaqudgha
 11975 | D:10     | You add the spells Necrotise, Sublimation of Blood,
                  | Vampiric Draining and Animate Dead to your library.
 11975 | D:10     | Received a gift from Kikubaaqudgha
 11976 | D:10     | Reached skill level 7 in Fighting
 11985 | D:10     | Reached skill level 10 in Hexes
 11990 | D:10     | Learned a level 4 spell: Anguish
 12170 | D:10     | Noticed MisterAzrael's ghost (journeyman DjFE)
 12183 | D:10     | Noticed a two-headed ogre
 12350 | D:10     | Killed a two-headed ogre
 12351 | D:10     | Reached skill level 2 in Necromancy
 12704 | D:10     | Noticed a gargoyle
 12720 | D:10     | Killed a gargoyle
 12785 | D:10     | Found a staircase to the Orcish Mines.
 12837 | D:11     | You pick up a book of Minor Magic and begin reading...
 12837 | D:11     | You add the spells Magic Dart and Mephitic Cloud to your
                  | library.
 12854 | D:11     | Noticed a manticore
 12860 | D:11     | Killed a manticore
 12943 | D:11     | Mangled by a komodo dragon
 12944 | D:11     | Reached XP level 9. HP: -9/43 MP: 11/19
 12964 | D:11     | Noticed Nergalle
 12985 | D:11     | Killed Nergalle
 12986 | D:11     | Reached skill level 3 in Necromancy
 12986 | D:11     | Reached XP level 10. HP: 46/47 MP: 16/20
 13124 | D:11     | Noticed a four-headed hydra
 13167 | D:11     | Killed a four-headed hydra
 13298 | D:11     | Reached skill level 4 in Necromancy
 13308 | D:11     | Noticed an elephant
 13351 | D:11     | Killed an elephant
 13526 | D:11     | Reached skill level 10 in Dodging
 13774 | D:11     | Reached skill level 8 in Fighting
 13774 | D:11     | Reached skill level 5 in Necromancy
 13776 | D:11     | Reached skill level 7 in Spellcasting
 13776 | D:11     | Reached XP level 11. HP: 51/51 MP: 6/22
 13782 | D:11     | Reached ** piety under Kikubaaqudgha
 14014 | D:11     | Found a staircase to the Lair.
 14184 | D:11     | HP: 1/51 [cyclops/large rock (50)]
 14518 | D:11     | Identified the +3 scale mail of Kuezies {Will- Str+5 Dex+4}
 14529 | D:11     | Identified a scroll of acquirement
 14529 | D:11     | Acquired the amulet of Kizeokk {Reflect rC+ Regen+ Int-5
                  | SH+5}
 14705 | Lair:1   | Entered Level 1 of the Lair of Beasts
 14734 | Lair:1   | Reached skill level 9 in Summonings
 15104 | D:11     | Reached skill level 6 in Necromancy
 15951 | Lair:1   | Noticed Maggie
 15967 | Lair:1   | Killed Maggie
 16259 | Lair:1   | HP: 11/52 [komodo dragon (32)]
 16345 | D:11     | Reached skill level 11 in Dodging
 16504 | Lair:1   | Learned a level 4 spell: Animate Dead
 16535 | Lair:1   | Reached skill level 7 in Necromancy
 16991 | Lair:2   | Noticed Amaemon
 17046 | Lair:2   | Gained mutation: Your thick and shaggy fur keeps you warm.
                  | (AC +3, rC+) [Felid growth]
 17046 | Lair:2   | Reached XP level 12. HP: 48/56 MP: 11/24
 17074 | Lair:2   | Reached skill level 9 in Fighting
 17075 | Lair:2   | Reached skill level 8 in Spellcasting
 17118 | Lair:1   | HP: 12/57 [wyvern (9)]
 17329 | Lair:2   | Reached skill level 8 in Necromancy
 17528 | Lair:2   | Killed Amaemon
 17716 | Lair:2   | You pick up a book of Minor Magic and begin reading...
 17879 | Lair:2   | Reached skill level 10 in Summonings
 17934 | Lair:2   | Your ally Amaemon died
 17943 | Lair:1   | HP: 9/57 [blink frog (17)]
 18455 | Lair:3   | Reached skill level 12 in Dodging
 18498 | Lair:3   | Found a staircase to the Snake Pit.
 18787 | Lair:3   | HP: 7/57 [yak (13)]
 18789 | Lair:3   | HP: 3/57 [yak (5)]
 18789 | Lair:3   | Killed from afar by an electric eel
 18790 | Lair:3   | Reached XP level 11. HP: -7/53 MP: 14/24
 18833 | Lair:3   | Reached skill level 9 in Necromancy
 18840 | Lair:3   | Reached *** piety under Kikubaaqudgha
 18840 | Lair:3   | You add the spells Corpse Rot, Dispel Undead, Agony, Death
                  | Channel and Simulacrum to your library.
 18840 | Lair:3   | Received a gift from Kikubaaqudgha
 19026 | Lair:3   | Noticed a four-headed hydra
 19041 | Lair:3   | HP: 12/53 [water moccasin (5)]
 19047 | Lair:3   | HP: 9/53 [poisoned by a water moccasin]
 19054 | Lair:3   | Slain by a wyvern

Vanquished Creatures
  A centaur (D:4)
  An iguana (D:4)
  2 adders
  A dart slug (D:2)
  An endoplasm (D:1)
  3 goblins
  A hobgoblin (D:4)
  A jackal (D:1)
  A ball python (D:1)
  A bat (D:2)
  4 frilled lizards
  A kobold (D:2)
  3 rats
21 creatures vanquished.

Vanquished Creatures (collateral kills)
  Amaemon (Lair:2)
  A manticore (D:9)
  A black mamba (Lair:3)
  6 elephants
  3 cane toads
  Psyche (D:8)
  A gargoyle (D:10)
  An unseen horror (D:11)
  2 kobold demonologists (D:10)
  A rime drake (D:11)
  4 komodo dragons
  A troll (D:11)
  11 blink frogs
  Sigmund (D:2)
  A spriggan (D:11)
  2 wyverns
  2 basilisks
  9 yaks
  A swamp worm (Lair:1)
  Menkaure (D:7)
  7 water moccasins
  3 black bears
  An orc warrior (D:11)
  An ogre (D:5)
  6 wolves
  A centaur (D:11)
  2 kobold brigands
  A phantom (D:4)
  8 bullfrogs
  5 scorpions
  5 wights (D:9)
  A howler monkey (D:12)
  4 jellies
  A gnoll bouda (D:6)
  5 orc priests
  2 hell rats (Lair:2)
  2 iguanas
  3 orc wizards
  Robin (D:4)
  21 gnolls
  4 adders
  8 river rats (Lair:2)
  A shadow imp (D:5)
  A white imp (D:5)
  2 worms (D:2)
  4 dart slugs
  19 orcs
  6 endoplasms
  11 goblins
  6 hobgoblins
  5 jackals
  3 quokkas
  4 ball pythons
  A bat (D:1)
  2 frilled lizards
  13 kobolds
  4 rats
225 creatures vanquished.

Vanquished Creatures (others)
  2 hydras
  2 two-headed ogres (D:10)
  A death yak (Lair:2)
  Nergalle (D:11)
  A cyclops (D:11)
  A manticore (D:11)
  An elephant (Lair:1)
  4 black mambas
  7 cane toads
  Maggie (Lair:1)
  An orange demon (Lair:2)
  3 komodo dragons
  A polar bear (Lair:2)
  A hornet (D:9)
  3 blink frogs
  A black mamba zombie (Lair:3)
  19 yaks
  A basilisk (Lair:1)
  A swamp worm (Lair:1)
  4 cane toad zombies
  8 water moccasins
  2 black bears
  2 orc warriors
  An ice beast (D:5)
  A blink frog zombie (Lair:2)
  2 elephant zombies (Lair:1)
  2 ogres
  A centaur (D:12)
  3 wolves
  2 komodo dragon zombies
  5 bullfrogs
  6 water moccasin zombies
  A demonspawn zombie (Lair:2)
  2 yak zombies (Lair:2)
  2 bullfrog zombies (Lair:3)
  An orc priest (D:11)
  A black bear zombie (Lair:2)
  An iguana (D:5)
  An orc wizard (D:8)
  3 orcs
  12 fungi
  16 plants
131 creatures vanquished.

Grand Total: 377 creatures vanquished

Table legend:
 A = Non-vault XP
 B = Vault XP
 C = Vault XP percentage of total XP
 D = Non-vault monster count
 E = Vault monster count
 F = Vault count percentage of total count
                 A         B        C        D         E       F
            +---------+---------+-------+---------+---------+-------
      Total |   31659 |    6542 |  17.1 |     260 |      48 |  15.6
            +---------+---------+-------+---------+---------+-------
        D:1 |      26 |       0 |   0.0 |      18 |       0 |   0.0
        D:2 |     110 |     240 |  68.6 |      24 |       7 |  22.6
        D:3 |     220 |       4 |   1.8 |      10 |       2 |  16.7
        D:4 |     550 |      30 |   5.2 |      28 |      10 |  26.3
        D:5 |    1244 |       0 |   0.0 |      22 |       0 |   0.0
        D:6 |     484 |       0 |   0.0 |      13 |       0 |   0.0
        D:7 |     370 |     165 |  30.8 |      10 |       1 |   9.1
        D:8 |     616 |     397 |  39.2 |      17 |       1 |   5.6
        D:9 |    2101 |       0 |   0.0 |      13 |       0 |   0.0
       D:10 |    3775 |       0 |   0.0 |      12 |       0 |   0.0
       D:11 |    8951 |    1789 |  16.7 |      38 |       5 |  11.6
       D:12 |     173 |       0 |   0.0 |       2 |       0 |   0.0
     Lair:1 |    5713 |     709 |  11.0 |      20 |       3 |  13.0
     Lair:2 |    5691 |    1337 |  19.0 |      27 |      13 |  32.5
     Lair:3 |    1635 |    1871 |  53.4 |       6 |       6 |  50.0
            +---------+---------+-------+---------+---------+-------

Illustrated notes

Table legend:
 A = Kills in this place as a percentage of kills in entire the game.
 B = Kills by you in this place as a percentage of kills by you in the entire game.
 C = Kills by friends in this place as a percentage of kills by friends in the entire game.
 D = Other kills in this place as a percentage of other kills in the entire game.
 E = Experience gained in this place as a percentage of experience gained in the entire game.
 F = Experience gained in this place divided by the number of levels of this place that you have seen.
                   A       B       C       D       E      F
               +-------+-------+-------+-------+-------+----------------------
         Total | 100.0 | 100.0 | 100.0 | 100.0 | 100.0 | 2387.6
       Dungeon |  75.6 | 100.0 |  74.6 |  71.4 |  55.6 | 1770.4
          Lair |  24.4 |   0.0 |  25.4 |  28.6 |  44.4 | 5652.0
               +-------+-------+-------+-------+-------+----------------------

Table legend: (Time is in decaauts)
 A = Elapsed time spent in this place.
 B = Non-inter-level travel time spent in this place.
 C = Inter-level travel time spent in this place.
 D = Time resting spent in this place.
 E = Time spent auto-exploring this place.
 F = Levels seen in this place.
 G = Mean time per level.
                   A        B        C        D        E       F      G
               +--------+--------+--------+--------+--------+-----+--------+
         Total |  17125 |  16479 |    646 |   4380 |   7681 |  16 | 1070.3 |
       Dungeon |  14098 |  13541 |    557 |   3768 |   6460 |  12 | 1174.8 |
        Temple |     50 |     35 |     15 |      0 |     24 |   1 |   50.0 |
          Lair |   2976 |   2902 |     74 |    612 |   1197 |   3 |  992.0 |
               +--------+--------+--------+--------+--------+-----+--------+

Top non-repeatable levels by time:
    D:11: 2682 daAuts
     D:4: 1573 daAuts
  Lair:1: 1499 daAuts
     D:5: 1498 daAuts
     D:1: 1409 daAuts
     D:8: 1252 daAuts
     D:3: 1111 daAuts
     D:9: 1055 daAuts
    D:10: 1022 daAuts
     D:6: 1011 daAuts
     D:2: 926 daAuts
  Lair:2: 924 daAuts
  Lair:3: 552 daAuts
     D:7: 545 daAuts
  Temple: 50 daAuts
